Map: Whispers of Gold

Players

Lambo - Winner!

  • Race: Zerg Zerg
  • Spawn Location: 9:00

Fjant

  • Race: Zerg Zerg
  • League: Master
  • Spawn Location: 5:00

Event: HomeStory Cup XXVI

VOD

Have the link to the VOD?

Description

Time

  • Played on: Nov. 29, 2024, 9:06 a.m.
  • Length: 7:42

All games in this series

Show
View Real Time Build Order
Export as new Build Order

Lambo Zerg - Winner!

Build Orders: Hatch First, Zergling Baneling 

Get SALT Encoding   

  12  0:00  Drone  
  13  0:07  Drone  
  13  0:13  Extractor  
  13  0:15  Drone  
  15  0:22  Overlord  
  15  0:40  Drone  
  16  0:46  Hatchery  
  15  0:50  Drone  
  15  0:55  Drone  
  17  0:57  Drone  
  18  1:08  Extractor  
  17  1:13  Spawning Pool  
  17  1:17  Drone  
  17  1:21  Drone  
  18  1:27  Drone  
  19  1:37  Drone  
  20  1:47  Drone  
  21  1:59  Queen  
  21  2:00  Zergling x2, Queen  
  26  2:03  Overlord  
  26  2:09  Metabolic Boost  
  26  2:13  Drone  
  27  2:16  Drone  
  27  2:22  Drone x2  
  30  2:30  Drone  
  30  2:31  Drone  
  32  2:43  Hatchery  
  31  2:47  Zergling x2  
  32  2:51  Baneling Nest  
  32  2:53  Overlord  
  32  2:57  Zergling x2  
  32  3:00  Drone  
  32  3:04  Drone  
  34  3:11  Zergling x4  
  36  3:13  Zergling x6  
  36  3:16  Zergling x4  
  36  3:19  Zergling x2  
  42  3:25  Overlord  
  42  3:31  Zergling x4  
  44  3:35  Baneling x4  
  44  3:38  Baneling  
  44  3:42  Overlord  
  44  3:45  Drone x4  
  48  3:53  Drone x3  
  47  4:05  Drone x3  
  47  4:09  Extractor  
  47  4:11  Drone  
  47  4:12  Zergling x2  
  47  4:13  Queen  
  47  4:14  Zergling x4  
  53  4:18  Drone  
  53  4:21  Zergling x2  
  53  4:22  Zergling x4  
  56  4:27  Roach Warren  
  54  4:34  Zergling x2  
  54  4:35  Zergling x6  
  55  4:40  Baneling x2  
  55  4:42  Zergling x8  
  58  4:47  Queen  
  58  4:51  Zergling x4  
  58  4:58  Baneling x3  
  58  4:59  Baneling  
  57  5:00  Zergling x10  
  62  5:07  Overlord  
  62  5:11  Zergling x4  
  61  5:23  Zergling x6  
  63  5:30  Roach x3  
  63  5:32  Overlord  
  69  5:37  Overlord  
  68  5:43  Roach x2  
  68  5:46  Roach x2  
  68  5:53  Roach  
  70  5:59  Roach x6  
  70  6:01  Queen  
  84  6:04  Overlord  
  84  6:12  Roach x2  
  84  6:13  Roach  
  84  6:17  Overlord  
  89  6:19  Overlord  
  89  6:26  Overlord  
  89  6:29  Overlord  
  89  6:31  Zergling x6  
  92  6:33  Baneling  
  92  6:37  Zergling x6  
  95  6:41  Zergling x2  
  95  6:42  Zergling x4  
  95  6:45  Zergling x4  
  100  6:47  Baneling  
  100  6:50  Baneling x3  
  100  6:51  Baneling  
  100  6:55  Zergling x4  
  100  7:00  Zergling x2  
  102  7:07  Baneling x5  
  99  7:08  Zergling x2  
  99  7:09  Zergling x4  
  99  7:15  Zergling x6  
Show
View Real Time Build Order
Export as new Build Order

Fjant Zerg 

Build Orders: Hatch First, Zergling Baneling 

Get SALT Encoding   

  12  0:00  Drone  
  13  0:13  Overlord  
  13  0:19  Drone  
  14  0:31  Drone  
  14  0:32  Drone  
  16  0:47  Hatchery  
  15  0:52  Drone  
  15  0:55  Drone  
  17  0:58  Drone  
  18  1:10  Extractor  
  17  1:14  Spawning Pool  
  16  1:18  Drone  
  16  1:21  Drone  
  18  1:29  Drone  
  19  1:39  Drone  
  20  1:50  Drone  
  21  1:59  Drone  
  22  2:02  Queen x2, Zergling x2  
  27  2:11  Overlord  
  27  2:17  Drone, Metabolic Boost  
  28  2:29  Drone x2  
  30  2:32  Zergling x2  
  31  2:40  Hatchery  
  31  2:42  Drone  
  31  2:49  Baneling Nest  
  30  2:52  Drone x2  
  30  2:57  Overlord  
  32  3:00  Drone  
  33  3:06  Drone x2  
  33  3:11  Overlord  
  35  3:15  Drone x2  
  35  3:17  Drone  
  35  3:19  Zergling x2  
  39  3:21  Drone  
  39  3:24  Drone  
  39  3:26  Drone  
  42  3:30  Zergling x2  
  42  3:32  Baneling x2  
  43  3:35  Drone  
  43  3:40  Zergling x2  
  43  3:41  Baneling, Roach Warren  
  44  3:44  Baneling x2  
  44  3:46  Zergling x4  
  45  3:55  Zergling x2  
  45  3:56  Zergling x10  
  45  3:58  Baneling x3  
  43  4:10  Drone x2  
  43  4:26  Overlord  
  43  4:28  Roach x4  
  51  4:33  Zergling x4  
  51  4:38  Zergling x6  
  53  4:42  Zergling x4  
  54  4:48  Roach  
  54  4:50  Zergling x4  
  55  4:56  Zergling x2  
  54  5:02  Zergling x6  
  54  5:05  Baneling x3  
  54  5:06  Zergling x4  
  59  5:16  Zergling x6  
  49  5:21  Roach x2  
  49  5:26  Zergling x6  
  56  5:30  Drone x2  
  56  5:33  Drone  
  59  5:38  Overlord  
  55  5:42  Zergling x2  
  55  5:45  Zergling x6  
  55  5:47  Overlord  
  55  5:48  Drone x2  
  54  5:53  Extractor  
  54  5:54  Roach x2  
  55  5:59  Roach  
  55  6:02  Roach  
  59  6:06  Roach  
  59  6:08  Drone  
  62  6:12  Drone x2  
  62  6:16  Drone  
  64  6:18  Drone  
  64  6:23  Drone x6  
  71  6:30  Roach  
  71  6:32  Queen, Overlord  
  75  6:33  Roach  
  75  6:38  Spine Crawler  
  76  6:41  Roach x3  
  76  6:46  Overlord  
  82  6:52  Spine Crawler  
  81  6:58  Zergling x12  
  87  7:06  Roach x2  
  84  7:09  Roach x4  
  85  7:17  Roach x2  
Tags
 
Add a new tag
Caveats
  • Supply blocks, unpowered buildings, or Contaminate may cause inaccurate times.
  • Supply counts are checked every 10 seconds.